 Dungeon Crawl Stone Soup version 0.17-a0-2231-gd80ca38 (webtiles) character file.

39927 tself55 the Unseen (level 13, 69/69 HPs)
             Began as a Spriggan Enchanter on Nov 1, 2015.
             Was a High Priest of Dithmenos.
             Quit the game on level 8 of the Lair of Beasts on Nov 2, 2015.
             The game lasted 00:38:32 (19078 turns).

tself55 the Unseen (Spriggan Enchanter)            Turns: 19078, Time: 00:38:32

Health: 69/69      AC: 10    Str:  4    XL:     13   Next: 71%
Magic:  22/22      EV: 27    Int: 24    God:    Dithmenos [*****.]
Gold:   1269       SH:  8    Dex: 22    Spells: 3 memorised, 15 levels left

rFire  . . .     SeeInvis +     a - +2 dagger
rCold  . . .     Clarity  .     z - +3 troll leather armour {Purgy}
rNeg   . . .     SustAt   .     I - +0 buckler
rPois  .         Gourm    .     F - +2 hat {Int+3}
rElec  .         Spirit   .     s - +0 cloak
rCorr  .         Warding  .     (gloves unavailable)
rMut   .         Stasis   .     (boots unavailable)
MR     ++...                    (no amulet)
Stlth  ++++++++++               t - +4 ring of evasion
                                C - +5 ring of dexterity

@: wreathed by umbra, very quick, very resistant to hostile enchantments,
uncannily stealthy
A: unfitting armour, see invisible, herbivore 3, speed 3, slow metabolism 2,
wild magic 1
a: Shadow Step, Shadow Form, Renounce Religion


You were on level 8 of the Lair of Beasts.
You worshipped Dithmenos.
Dithmenos was extremely pleased with you.
You were hungry.

You visited 2 branches of the dungeon, and saw 19 of its levels.
You also visited: Sewer and Volcano.

You collected 1269 gold pieces.

Inventory:

Hand Weapons
 a - a +2 dagger (weapon)
 b - a +3 blowgun
Missiles
 D - 35 poisoned needles
 M - 5 curare-tipped needles
Armour
 s - a +0 cloak (worn)
 z - a +3 troll leather armour (worn) {Purgy}
 E - a +1 robe of fire resistance
 F - a +2 hat of intelligence (worn)
 I - a +0 buckler (worn)
 J - a +0 fire dragon armour
Jewellery
 t - a +4 ring of evasion (right hand)
 w - an uncursed ring of protection from cold
 C - a +5 ring of dexterity (left hand)
 Q - an uncursed ring of protection from fire
Wands
 f - a wand of lightning (8)
 y - a wand of cold (10)
 P - a wand of digging (14)
 S - a wand of flame (37)
Scrolls
 e - 6 scrolls of teleportation
 g - 2 scrolls of magic mapping
 h - 10 scrolls of remove curse
 i - 4 scrolls of blinking
 m - 2 scrolls of enchant weapon
 u - a scroll of amnesia
 v - a scroll of recharging
 L - a scroll of enchant armour
 N - a scroll of fog
 O - a scroll of fear
Potions
 d - a potion of cure mutation {unknown}
 k - 2 potions of agility
 n - 2 potions of haste
 o - 3 potions of magic
 p - 3 potions of heal wounds
 q - a potion of invisibility
 r - 5 potions of brilliance
 A - 13 potions of curing
 G - 4 potions of might
 H - a potion of resistance
Books
 c - a book of Maledictions

   Spells                             Type                      Level
   a - Corona                         Hexes                        1
   b - Ensorcelled Hibernation        Hexes/Ice                    2
   c - Confuse                        Hexes                        3
   d - Tukima's Dance                 Hexes                        3
   e - Dazzling Spray                 Conjuration/Hexes            3
 j - a book of Clouds

   Spells                             Type                      Level
   a - Mephitic Cloud                 Conjuration/Poison/Air       3
   b - Conjure Flame                  Conjuration/Fire             3
   c - Poisonous Cloud                Conjuration/Poison/Air       6
   d - Freezing Cloud                 Conjuration/Ice/Air          6
   e - Ring of Flames                 Charms/Fire                  7
 l - a book of the Warp

   Spells                             Type                      Level
   a - Recall                         Summoning/Translocation      3
   b - Gell's Gravitas                Hexes/Translocation          3
   c - Force Lance                    Conjuration/Translocation    4
   d - Phase Shift                    Translocation                5
   e - Warp Weapon                    Charms/Translocation         5
   f - Summon Forest                  Summoning/Translocation      5
 R - a book of Conjurations

   Spells                             Type                      Level
   a - Magic Dart                     Conjuration                  1
   b - Searing Ray                    Conjuration                  2
   c - Dazzling Spray                 Conjuration/Hexes            3
   d - Fulminant Prism                Conjuration/Hexes            4
   e - Iskenderun's Mystic Blast      Conjuration                  4
   f - Iskenderun's Battlesphere      Conjuration/Charms           5
Miscellaneous
 K - a legendary deck of destruction
Comestibles
 x - 13 bread rations
 B - 2 slices of pizza


   Skills:
 + Level 8.3 Fighting
 - Level 8.2 Short Blades
 - Level 8.0 Dodging
 - Level 19.0 Stealth
 * Level 4.6 Shields
 - Level 5.7 Spellcasting
 - Level 3.3 Conjurations
 - Level 10.9 Hexes
 - Level 7.5 Ice Magic


You had 15 spell levels left.
You knew the following spells:

 Your Spells              Type           Power        Failure   Level  Hunger
a - Ensorcelled Hibernat  Hex/Ice        ######       3%          2    None
c - Confuse               Hex            ######..     3%          3    #......
d - Dazzling Spray        Conj/Hex       ######..     7%          3    #......


Dungeon Overview and Level Annotations

Branches:
Dungeon (11/15)            Temple (0/1) D:5            Lair (8/8) D:11
  Swamp (0/4) Lair:4        Snake (0/4) Lair:3          Orc (0/4) D:10
  Slime: Lair:6-8

Altars:
Ashenzari
Cheibriados
Dithmenos
Gozag
Makhleb
Nemelex Xobeh
Okawaru
Qazlal
Trog
Vehumet
Yredelemnul
Zin

Annotations:
Lair:7 Rupert
Lair:8 exclusion: 2 oklob plants


Innate Abilities, Weirdness & Mutations

You are tiny and cannot use many weapons and most armour.
You have supernaturally acute eyesight.
You are a herbivore.
You cover ground extremely quickly.
You need consume almost no food.
Your spells are a little harder to cast, but a little more powerful.


Message History

The helpless crocodile fails to defend itself.
You spit the crocodile like a pig!!!!!
You kill the crocodile!
Dithmenos accepts your kill.
Found a helmet.
S - a wand of flame You now have 1269 gold pieces (gained 12).
You see here a helmet.
Magic restored.
Found a ring mail.
Found a stone staircase leading up.
Save game and exit?
Level annotation: exclusion: 2 oklob plants Welcome back, tself55 the Spriggan Enchanter.
Dithmenos says: Spread the eternal night.
Press ? for a list of commands and other information.
Assign waypoint to what number? (0-9)
Okay, then.
Unknown command.
Unknown command.
Are you sure you want to abandon this character and quit the game? (Confirm with "yes".)

........P###
.P....[..<...........P#.
................##..P...
P..............PP##..P..
.................#......
..................P...
....................P
#..PP............P.
♣.@P........PP#...#
♣♣♣...PP..PPP##...#
♣♣♣.[...#PPP.#.P#
♣.....PP.....##
♣♣P............
♣P............
♣♣PP...#....†.
♣♣PP..P......
♣.P.....###.


There were no monsters in sight!

Vanquished Creatures
  Gastronok (Lair:2)
  Nessos (Lair:7)
  Snorg (D:11)
  3 hydras
  Erica (D:8)
  A death yak (Lair:7)
  Urug (D:11)
  Sonja (Lair:4)
  3 hill giants
  A cyclops (D:11)
  2 toenail golems (Volcano)
  Maurice (D:9)
  5 elephants
  4 black mambas
  A torpor snail (Lair:7)
  A centaur skeleton (D:10)
  8 spiny frogs
  3 fire drakes
  3 komodo dragons
  A troll (D:10)
  18 blink frogs
  A polar bear (Lair:8)
  2 boulder beetles
  A trapdoor spider zombie (D:10)
  A wraith (D:11)
  5 wyverns
  17 yaks
  A deep elf fighter (D:11)
  5 hippogriffs
  6 humans
  3 hungry ghosts
  3 basilisks
  Menkaure (D:5)
  3 nagas (Lair:3)
  13 water moccasins
  11 wolves
  3 orc warriors
  18 porcupines
  An ice beast (D:5)
  Purgy (Sewer)
  3 sky beasts
  An eye of draining (D:9)
  A centaur (D:6)
  A wasp (D:10)
  4 ogres
  11 crocodiles
  A phantom (D:9)
  2 big kobolds
  Blork the orc (D:6)
  21 giant frogs
  A wyvern zombie (D:6)
  A water moccasin skeleton (D:4)
  3 killer bees (D:8)
  A wyvern skeleton (D:8)
  5 scorpions
  5 crimson imps
  A quasit (D:5)
  4 hounds
  2 centaur zombies
  4 gnoll shamans
  2 jellies
  A giant frog skeleton (D:9)
  11 iguanas
  An orc wizard (D:9)
  3 orc priests
  8 worker ants
  19 sheep
  3 worker ant zombies
  7 adders
  37 gnolls
  52 river rats
  3 shadow imps
  An ooze (D:3)
  2 adder skeletons
  2 worms (D:3)
  9 giant geckos
  24 orcs
  3 ball pythons
  6 giant cockroaches
  4 goblins
  3 hobgoblins
  5 quokkas
  16 bats
  13 giant newts
  21 jackals
  A jackal skeleton (D:7)
  20 kobolds
  A quokka skeleton (D:10)
  22 rats
530 creatures vanquished.

Vanquished Creatures (others)
  6 fungi
  A plant (Lair:5)
7 creatures vanquished.

Grand Total: 537 creatures vanquished

Notes
Turn   | Place    | Note
--------------------------------------------------------------
     0 | D:1      | tself55 the Spriggan Enchanter began the quest for the Orb.
     0 | D:1      | Reached XP level 1. HP: 9/9 MP: 5/5
    30 | D:1      | Reached skill level 5 in Stealth
    87 | D:1      | Reached XP level 2. HP: 11/13 MP: 4/6
    97 | D:1      | Learned a level 2 spell: Ensorcelled Hibernation
   377 | D:1      | Reached skill level 6 in Stealth
   797 | D:2      | Reached XP level 3. HP: 16/16 MP: 8/8
   802 | D:2      | Learned a level 3 spell: Confuse
   840 | D:2      | Found an iron altar of Okawaru.
  1041 | D:2      | Found a bloodstained altar of Trog.
  1348 | D:3      | Found a shadowy altar of Dithmenos.
  1376 | D:3      | Became a worshipper of Dithmenos the Shadowed
  1588 | D:3      | Reached skill level 7 in Stealth
  1588 | D:3      | Reached XP level 4. HP: 14/21 MP: 4/9
  1986 | D:3      | Reached XP level 5. HP: 16/24 MP: 1/10
  2214 | D:3      | Reached skill level 8 in Stealth
  3164 | D:4      | Found a glowing drain.
  3172 | Sewer    | Entered a sewer
  3274 | Sewer    | Noticed Purgy
  3276 | Sewer    | Killed Purgy
  3276 | Sewer    | Reached XP level 6. HP: 28/28 MP: 11/11
  3364 | D:4      | Reached skill level 9 in Stealth
  3527 | D:4      | Found a sparkling altar of Nemelex Xobeh.
  3574 | D:4      | Reached * piety under Dithmenos
  3574 | D:4      | Reached skill level 5 in Hexes
  3888 | D:4      | Reached XP level 7. HP: 29/32 MP: 6/12
  4056 | D:4      | Noticed an ogre
  4103 | D:4      | Killed an ogre
  4803 | D:4      | Reached skill level 10 in Stealth
  5242 | D:4      | Reached ** piety under Dithmenos
  5509 | D:4      | Learned a level 3 spell: Dazzling Spray
  5945 | D:5      | Entered Level 5 of the Dungeon
  5960 | D:5      | Reached XP level 8. HP: 34/36 MP: 10/13
  5966 | D:5      | Reached skill level 5 in Short Blades
  6040 | D:5      | Noticed Menkaure
  6057 | D:5      | Killed Menkaure
  6236 | D:5      | Found a snail-covered altar of Cheibriados.
  6336 | D:5      | Found a radiant altar of Vehumet.
  6500 | D:5      | Found a staircase to the Ecumenical Temple.
  6517 | D:5      | Reached skill level 11 in Stealth
  6599 | D:5      | Gained mutation: Your spells are a little harder to cast, but a little more powerful. [potion of beneficial mutation]
  6695 | D:6      | Found a stormy altar of Qazlal.
  6780 | D:6      | Reached skill level 5 in Dodging
  6958 | D:6      | Noticed Blork the orc
  6960 | D:6      | Killed Blork the orc
  6964 | D:6      | Reached XP level 9. HP: 39/39 MP: 14/14
  7301 | D:7      | Reached *** piety under Dithmenos
  7545 | D:7      | Found an opulent altar of Gozag.
  7578 | D:7      | Reached skill level 12 in Stealth
  8076 | D:8      | Reached skill level 10 in Hexes
  8261 | D:8      | Noticed Erica
  8267 | D:8      | Killed Erica
  8267 | D:8      | Reached skill level 13 in Stealth
  8267 | D:8      | Reached skill level 5 in Spellcasting
  8289 | D:8      | Reached XP level 10. HP: 39/44 MP: 6/18
  8827 | D:8      | Found a burning altar of Makhleb.
  8830 | D:8      | Found a stormy altar of Qazlal.
  8831 | D:8      | Found a basalt altar of Yredelemnul.
  8832 | D:8      | Found a shattered altar of Ashenzari.
  8836 | D:8      | Found a glowing silver altar of Zin.
  9053 | D:9      | Noticed Maurice
  9060 | D:9      | Killed Maurice
  9152 | D:9      | Reached skill level 1 in Ice Magic
  9194 | D:9      | Reached **** piety under Dithmenos
  9369 | D:9      | Reached skill level 14 in Stealth
  9678 | D:10     | Entered Level 10 of the Dungeon
  9717 | D:10     | Noticed a hill giant
  9721 | D:10     | Killed a hill giant
  9819 | D:10     | Found a staircase to the Orcish Mines.
 10125 | D:10     | Reached skill level 5 in Ice Magic
 10407 | D:10     | Reached skill level 15 in Stealth
 10561 | D:10     | Reached XP level 11. HP: 47/47 MP: 18/20
 10626 | D:11     | Noticed Urug
 10627 | D:11     | Noticed Snorg
 10628 | D:11     | Killed Urug
 10635 | D:11     | Killed Snorg
 11297 | D:11     | Noticed a hill giant
 11298 | D:11     | Noticed a hill giant
 11300 | D:11     | Killed a hill giant
 11315 | D:11     | Killed a hill giant
 11315 | D:11     | Reached skill level 16 in Stealth
 11390 | D:11     | Noticed a four-headed hydra
 11394 | D:11     | Killed a four-headed hydra
 11394 | D:11     | Reached skill level 1 in Fighting
 11502 | D:11     | Found a staircase to the Lair.
 11544 | Lair:1   | Entered Level 1 of the Lair of Beasts
 11664 | Lair:1   | Found a dark tunnel.
 11685 | Volcano  | Entered a volcano
 11994 | Lair:1   | Noticed a five-headed hydra
 11998 | Lair:1   | Killed a five-headed hydra
 11998 | Lair:1   | Reached XP level 12. HP: 58/58 MP: 16/21
 12000 | Lair:1   | Reached skill level 1 in Conjurations
 12052 | Lair:1   | Reached skill level 17 in Stealth
 12915 | Lair:2   | Noticed Gastronok
 12917 | Lair:2   | Reached skill level 5 in Fighting
 12931 | Lair:2   | Killed Gastronok
 14131 | Lair:3   | Reached ***** piety under Dithmenos
 14325 | Lair:3   | Found a staircase to the Snake Pit.
 14335 | Lair:3   | Reached skill level 18 in Stealth
 14717 | Lair:4   | Noticed Sonja
 14722 | Lair:4   | Killed Sonja
 14913 | Lair:4   | Found a staircase to the Swamp.
 15546 | Lair:5   | Reached XP level 13. HP: 66/66 MP: 22/22
 16673 | Lair:6   | Reached skill level 19 in Stealth
 17165 | Lair:6   | Reached skill level 1 in Shields
 17957 | Lair:7   | Noticed Nessos
 17981 | Lair:7   | Killed Nessos
 18434 | Lair:7   | Noticed Rupert
 18945 | Lair:8   | Entered Level 8 of the Lair of Beasts
 19078 | Lair:8   | Quit the game

Vault maps used:
D:1:      dpeg_arrival_prison
D:2:      bloody_trog, okawaru_metal_pillars_1_2
D:3:      grunt_dithmenos_smoke, first_bread
D:4:      lemuel_castle_with_subvaults, lemuel_coloured_pillars_altar,
          lightli_sewer_entry_pipes
D:5:      vehumet_altar_wand_db, lemuel_crystal_altar,
          minmay_temple_entry_trees, saegor_snake_ambush, uniq_menkaure
D:6:      grunt_qazlal_sundering, uniq_blork_the_orc
D:7:      lemuel_round_altar, grunt_livestock
D:8:      minitemple, uniq_erica
D:9:      kennysheep_generic_room_11, uniq_maurice
D:10:     david_orc_2
D:11:     grunt_lair_entry_elf_guard_hut, minmay_misc_feat_alley, uniq_snorg,
          uniq_urug
Lair:1:   enter_volcano_1, minivault_11, beast_lair_carwin_10,
          serial_bayou_shore_b
Lair:2:   uniq_gastronok
Lair:3:   guppyfry_snake_entry_island
Lair:4:   swamp_mist_pool, uniq_sonja
Lair:6:   columned_hall_lemuel
Lair:7:   minmay_stone_trees_small, uniq_nessos, uniq_rupert
Lair:8:   minmay_lair_end_enchanted_forest, minmay_slime_entry_oklob_open,
          lemuel_old_faithful
Sewer:    kennysheep_door_sewer
Volcano:  volcano_bunker

Action                   |  1- 3 |  4- 6 |  7- 9 | 10-12 | 13-15 || total
-------------------------+-------+-------+-------+-------+-------++-------
Melee: Dagger            |   121 |   130 |   347 |   591 |   315 ||  1504
 Cast: Corona            |     2 |       |       |       |       ||     2
       Ensorcelled Hiber |     5 |    29 |    86 |   103 |    72 ||   295
       Confuse           |       |     9 |    17 |    19 |    15 ||    60
Invok: Shadow Step       |       |       |       |     5 |     1 ||     6
  Use: Scroll            |       |       |    20 |    10 |     3 ||    33
       Potion            |       |       |     1 |       |       ||     1
 Stab: Sleeping          |    27 |    25 |    81 |   163 |    83 ||   379
       Confused          |       |     4 |    13 |    14 |     4 ||    35
       Distracted        |       |       |     2 |     2 |     1 ||     5
  Eat: Bread ration      |       |     1 |     1 |       |       ||     2
       Pizza             |       |       |     1 |     5 |     2 ||     8
       Fruit             |       |       |     1 |       |       ||     1
       Royal jelly       |       |       |       |     1 |       ||     1
